 Dungeon Crawl Stone Soup version 0.28.0-47-ge53b351184 (webtiles) character file.

Game seed: 16518988134147178857

78 101zpm the Magician (level 4, -27/31 HPs)
             Began as a Djinni Fire Elementalist on May 2, 2022.
             Killed from afar by Ijyb (43 damage)
             ... with a bolt of acid
             ... on level 3 of the Dungeon.
             The game lasted 00:01:16 (819 turns).

101zpm the Magician (Djinni Fire Elementalist)       Turns: 819, Time: 00:01:18

Health: -27/31     AC:  2    Str:  7    XL:     4   Next: 61%
Gold:   3          EV: 12    Int: 19    God:
                   SH:  0    Dex: 13

rFire   + + .      SeeInvis .   (no weapon)
rCold   x . .      Faith    .   (no shield)
rNeg    . . .      Spirit   .   a - +0 robe
rPois   ∞          Reflect  .   (no helmet)
rElec   .          Harm     .   (no cloak)
rCorr   .          Rampage  .   (no gloves)
Will    .....                   (boots unavailable)
Stlth   ++........              (no amulet)
HPRegen 0.10/turn               (no ring)
MPRegen 0.00/turn               (no ring)

@: flying
A: sickness immunity, fire resistance 2, cold vulnerability 1, float, innate
caster, HP casting, extra vitality 1
a: no special abilities


You were on level 3 of the Dungeon.
You visited 1 branch of the dungeon, and saw 3 of its levels.

You collected 3 gold pieces.

Inventory:

Armour
 a - a +0 robe (worn)
Scrolls
 c - a scroll of magic mapping {unknown}
Potions
 b - 2 potions of ambrosia {unknown}
 d - a potion of magic {unknown}


   Skills:
 + Level 2.5 Dodging
 + Level 1.9 Stealth
 + Level 3.7 Spellcasting


You couldn't memorise any spells.
You knew the following spells:

 Your Spells              Type           Power      Damage    Failure   Level
a - Foxfire               Conj/Fire      68%        2x1d7     3%          1
b - Scorch                Fire           34%        2d7       4%          2
c - Conjure Flame         Conj/Fire      17%        6-21      10%         3
d - Inner Flame           Hex/Fire       17%        N/A       10%         3
e - Flame Wave            Conj/Fire      17%        2d6       30%         4
f - Sandblast             Erth           34%        2d9       3%          1
Your spell library was empty.

Dungeon Overview and Level Annotations

Branches:
Dungeon (3/15)

Altars:

Annotations:
D:3 Ijyb


Innate Abilities, Weirdness & Mutations

You are immune to sickness and miasma.
You are immune to poison.
Your flesh is very heat resistant. (rF++)
You are vulnerable to cold. (rC-)
You float through the air rather than walking.
You learn spells naturally, not from books.
Your magical power is your life essence.
You have superior vitality. (+4 MHP)


Message History

Confirm with . or Enter, or press ? or * to list all spells.
Flames lash the quokka.
You kill the quokka!
You hear a shout!
Your foxfire dissipates!
The foxfire hits Ijyb.
Ijyb is lightly wounded.
A kobold comes into view. It is wielding a +0 short sword.
You conjure some foxfire!
The foxfire hits Ijyb.
Ijyb is moderately wounded.
The foxfire hits Ijyb.
Ijyb is heavily wounded.
An endoplasm comes into view.
You conjure some foxfire!
The foxfire hits the kobold.
The kobold is severely wounded.
The foxfire hits the kobold but does no damage.
The kobold is severely wounded.
Casting: Foxfire (safe; 3% risk of failure)
Confirm with . or Enter, or press ? or * to list all spells.
Flames lash Ijyb.
Ijyb is heavily wounded.
Ijyb's fire resistance burns away.
You hear a shout!
The foxfire hits Ijyb but does no damage.
Ijyb is heavily wounded.
The foxfire hits Ijyb but does no damage.
Ijyb is heavily wounded.
Casting: Scorch (safe; 4% risk of failure)
Confirm with . or Enter, or press ? or * to list all spells.
Flames lash the kobold.
You kill the kobold!
A hobgoblin comes into view.
Ijyb hits you with a +0 dagger.
Casting: Scorch (safe; 4% risk of failure)
Confirm with . or Enter, or press ? or * to list all spells.
Flames lash the endoplasm.
You kill the endoplasm!
Ijyb zaps a wand.
The bolt of acid hits you!!!
Ouch! That really hurt!
You die...

#. .. . #g
.. #. ...
#. .... #)
.....
#g##......
#.@.......
#.##?.....
#.. )<.#.
#.. .##
#.. # ...
##.# #.


You could see Ijyb (combustible) and a hobgoblin.

Vanquished Creatures
  A gnoll shaman (D:2)
  3 gnolls (D:2)
  An adder (D:2)
  An orc (D:3)
  2 ball pythons (D:2)
  2 endoplasms
  A quokka (D:3)
  A goblin (D:2)
  2 kobolds
14 creatures vanquished.

Vanquished Creatures (collateral kills)
  3 foxfires (D:2)
3 creatures vanquished.

Vanquished Creatures (others)
  83 foxfires
  2 plants (D:2)
85 creatures vanquished.

Grand Total: 102 creatures vanquished

Notes
Turn   | Place    | Note
-------+----------+-------------------------------------------
     0 | D:1      | 101zpm the Djinni Fire Elementalist began the quest for the
                  | Orb.
     0 | D:1      | Reached XP level 1. HP: 15/15 MP: 0/0
    51 | D:1      | Noticed a minotaur skeleton
   234 | D:2      | Noticed a gnoll shaman
   237 | D:2      | Killed a gnoll shaman
   238 | D:2      | Reached skill level 3 in Spellcasting
   238 | D:2      | Reached XP level 2. HP: 12/21 MP: 0/0
   238 | D:2      | Reached XP level 3. HP: 14/25 MP: 0/0
   238 | D:2      | Learned a level 1 spell: Sandblast
   248 | D:2      | Reached XP level 4. HP: 10/31 MP: 0/0
   811 | D:3      | Noticed Ijyb
   819 | D:3      | Killed from afar by Ijyb

Illustrated notes

Levels and vault maps discovered:
D:1:      shiori_arrival_whats_in_store_for_you, layout_rooms
D:2:      wad_lake_hut, layout_loops_ring
D:3:      layout_loops_ring, lemuel_zombie_altar_kikubaaqudgha, uniq_ijyb,
          uniq_crazy_yiuf_cottage

Skill      XL: |  1 |
---------------+----+-----
Spellcasting   | 3 |  3.7
Dodging        | |  2.5
Stealth        | |  1.9

Action                   |  1- 3 |  4- 6 || total
-------------------------+-------+-------++-------
 Cast: Foxfire           |    21 |    29 ||    50
       Scorch            |       |     4 ||     4
Armor: Robe              |     1 |       ||     1
Dodge: Dodged            |       |     2 ||     2
